 Dungeon Sprint DCSS version 0.27.1-1-g398f81649c (webtiles) character file.

Game seed: 1458482806787719106

0 styxcanada the Sneak (level 1, 0/10 HPs)
             Began as a Spriggan Brigand on Sept 16, 2021.
             Slain by a river rat (2 damage)
             ... in the Dungeon (Sprint IV: "Fedhas' Mad Dash").
             The game lasted 00:00:36 (22 turns).

styxcanada the Sneak (Spriggan Brigand)               Turns: 22, Time: 00:00:37

Health: 0/10       AC:  3    Str:  7    XL:     1   Next: 0%
Magic:  2/2        EV: 16    Int: 12    God:
Gold:   0          SH:  0    Dex: 16    Spells: 0/0 levels left

rFire    . . .     SeeInvis +   a - +2 dagger
rCold    . . .     Faith    .   (shield restricted)
rNeg     . . .     Spirit   .   b - +0 robe
rPois    .         Reflect  .   (helmet restricted)
rElec    .         Harm     .   c - +0 cloak
rCorr    .         Rampage  .   (gloves unavailable)
Will     .....     NoTele   +   (boots unavailable)
Stlth    +++.......             (no amulet)
HPRegen  0.03/turn              (no ring)
MPRegen  0.08/turn              (no ring)

@: very quick
A: very small, no large weapons, unfitting armour, see invisible, speed 3
a: no special abilities


You were in the Dungeon.
You visited 1 branch

Inventory:

Hand Weapons
 a - a +2 dagger (weapon)
Missiles
 e - a curare-tipped dart (quivered)
Armour
 b - a +0 robe (worn)
 c - a +0 cloak (worn)
Scrolls
 k - a scroll of blinking
Potions
 f - a potion of curing
 g - a potion of heal wounds
 h - a potion of haste
 i - 2 potions of magic
 j - a potion of berserk rage


   Skills:
 * Level 1.5 Fighting
 + Level 2.1 Short Blades
 + Level 2.0 Throwing
 * Level 1.3 Dodging
 * Level 5.8 Stealth


You couldn't memorise any spells.
You didn't know any spells.
Your spell library was empty.

Dungeon Overview and Level Annotations

Branches:
Dungeon (1/1)

Altars:


Innate Abilities, Weirdness & Mutations

You are very small and have problems with some larger weapons.
You are too small for most types of armour.
You have supernaturally acute eyesight. (SInv)
You cover ground extremely quickly. (Speed+++)


Message History

Unknown command.
Throw: 4 darts (poison)
Press: ? - help, Q - select action, (/) - cycle Shift-Dir - straight line, f/p - river rat
Aim: a river rat (heavily wounded, 57% to hit)
You throw a poisoned dart. The poisoned dart hits the rat.
The rat looks even sicker.
The rat is severely wounded.
The rat bites you.
* * * LOW HITPOINT WARNING * * *
Throw: 3 darts (poison)
Press: ? - help, Q - select action, (/) - cycle Shift-Dir - straight line, f/p - river rat
Aim: a river rat (moderately wounded, 57% to hit)
You throw a poisoned dart. The poisoned dart hits the rat.
The rat looks even sicker.
The rat is severely wounded.
Throw: 2 darts (poison)
Press: ? - help, Q - select action, (/) - cycle Shift-Dir - straight line, f/p - river rat
Aim: a river rat (moderately wounded, 57% to hit)
You throw a poisoned dart.
The poisoned dart closely misses the river rat.
The poisoned dart hits the rat.
The rat is severely wounded.
The rat bites the fungus.
The fungus begins to die.
Throw: dart (poison)
Press: ? - help, Q - select action, (/) - cycle Shift-Dir - straight line, f/p - river rat
Aim: a river rat (moderately wounded, 57% to hit)
You throw a poisoned dart. The poisoned dart hits the river rat.
The river rat is poisoned.
The river rat is moderately wounded.
The river rat closely misses you.
The rat bites the fungus.
Throw: 2 darts (curare)
Press: ? - help, Q - select action Shift-Dir - straight line, f/p - river rat
Aim: a river rat (heavily wounded, poisoned, 57% to hit)
You throw a curare-tipped dart.
The curare-tipped dart closely misses the river rat.
The curare-tipped dart hits the rat.
The rat looks as sick as possible!
The rat convulses.
You kill the rat!
The river rat bites you.
You die...

############
#@r(P#...(.#
#PP.((.?...+
#PPPP#..(..#
############


You could see a river rat (poisoned).

Vanquished Creatures
  A rat (D)
1 creature vanquished.

Notes
Turn   | Place    | Note
-------+----------+-------------------------------------------
     0 | D        | styxcanada the Spriggan Brigand began the quest for the
                  | Orb.
     0 | D        | Reached XP level 1. HP: 10/10 MP: 2/2
    22 | D        | Slain by a river rat

Illustrated notes

Levels and vault maps discovered:
D:        dungeon_sprint_fedhas [sprint_temple]

Action                   || total
-------------------------++-------
Melee: Dagger            ||     1
Throw: Dart              ||     9
Armor: Robe              ||     2
Dodge: Dodged            ||     2
